 Dungeon Crawl Stone Soup version 0.22-a0-443-g17c3723 (webtiles) character file.

681 Ijustatesigmund the Skirmisher (level 7, -1/72 HPs)
             Began as an Ogre Gladiator on May 31, 2018.
             Splashed by Ijyb's acid (7 damage)
             ... on level 5 of the Dungeon.
             The game lasted 00:09:10 (4623 turns).

Ijustatesigmund the Skirmisher (Ogre Gladiator)     Turns: 4623, Time: 00:09:11

Health: -1/72      AC:  0    Str: 19    XL:     7   Next: 61%
Magic:  7/7        EV: 12    Int: 12    God:
Gold:   198        SH:  0    Dex: 12    Spells: 6/6 levels left

rFire    . . .     SeeInvis .   a - +0 giant club
rCold    . . .     Gourm    .   (shield currently unavailable)
rNeg     . . .     Faith    .   b - +0 robe
rPois    .         Spirit   .   c - +1 hat
rElec    .         Reflect  .   (no cloak)
rCorr    .         Harm     .   (gloves unavailable)
MR       .....                  (boots unavailable)
Stlth    +.........             j - amulet of rage
HPRegen  0.22/turn              i - +3 ring of intelligence
MPRegen  0.10/turn              (no ring)

@: corroded
A: large, unfitting armour, mutation resistance 1, tough skin 1
a: Evoke Berserk Rage


You were on level 5 of the Dungeon.
You were not hungry.

You visited 2 branches of the dungeon, and saw 6 of its levels.

You collected 198 gold pieces.

Inventory:

Hand Weapons
 a - a +0 giant club (weapon)
Missiles
 d - 2 throwing nets (quivered)
Armour
 b - a +0 robe (worn)
 c - a +1 hat (worn)
Jewellery
 i - a +3 ring of intelligence (left hand)
 j - an amulet of rage (around neck)
Scrolls
 l - 2 scrolls of teleportation
Potions
 g - a potion of flight
 h - a potion of curing
 n - a potion of might {unknown}
Comestibles
 f - 3 rations
 k - a chunk of flesh


   Skills:
 + Level 5.0 Fighting
 * Level 4.1 Maces & Flails
 - Level 2.0 Throwing
 - Level 3.8 Armour
 - Level 4.7 Dodging


You had 6 spell levels left.
You didn't know any spells.
Your spell library was empty.

Dungeon Overview and Level Annotations

Branches:
Dungeon (5/15)             Temple (1/1) D:4

Altars:
Ashenzari
Dithmenos
Fedhas
Makhleb
Nemelex Xobeh
Okawaru
Uskayaw
Xom
The Shining One

Annotations:
D:5 Ijyb


Innate Abilities, Weirdness & Mutations

You are too large for most types of armour.
You have tough skin. (AC +1)
You are somewhat resistant to further mutation.


Message History

Ijyb zaps a wand.
The bolt of acid misses you.
It is a wand of acid (7).
Ijyb zaps a wand.
The bolt of acid misses you.
You closely miss Ijyb. Ijyb misses you.
You closely miss Ijyb.
Ijyb zaps a wand.
The bolt of acid hits you!
You are splashed with acid!
The acid burns!
Ijyb zaps a wand.
The bolt of acid hits you!
* * * LOW HITPOINT WARNING * * *
You are splashed with acid!
The acid burns!
* * * LOW HITPOINT WARNING * * *
You are too injured to fight recklessly!
You are too injured to fight recklessly!
You are too injured to fight recklessly!
You are too injured to fight recklessly!
You are too injured to fight recklessly!
You are too injured to fight recklessly!
You are too injured to fight recklessly!
You feel better.
Ijyb zaps a wand.
The bolt of acid hits you!
* * * LOW HITPOINT WARNING * * *
The acid corrodes you!
You are splashed with acid!
The acid burns!
You die...

#......####..#...
#...##...........
....#..##<..#
........(.###
#......######.
##...#.........
...............
.....##........
.#.....@.......
....##.g.......
... #.........
... ##........
##...#... #######


You could see Ijyb.

Vanquished Creatures
  The ghost of Ratty the Tormented, an amateur DENe of Kikubaaqudgha (D:4)
  An ogre (D:4)
  A howler monkey (D:4)
  An orc priest (D:4)
  2 hounds
  Jessica (D:2)
  A gnoll shaman (D:4)
  An iguana (D:4)
  Terence (D:2)
  A worker ant zombie (D:5)
  9 gnolls
  4 adders
  An ooze (D:1)
  3 worms
  A leopard gecko (D:2)
  4 orcs (D:4)
  4 bats (D:1)
  A giant cockroach (D:3)
  7 goblins
  5 hobgoblins
  7 jackals (D:2)
  3 quokkas
  2 ball pythons
  5 frilled lizards
  6 kobolds
  4 rats
77 creatures vanquished.

Notes
Turn   | Place    | Note
-------+----------+-------------------------------------------
     0 | D:1      | Ijustatesigmund the Ogre Gladiator began the quest for the Orb.
     0 | D:1      | Reached XP level 1. HP: 22/22 MP: 1/1
    57 | D:1      | Reached skill level 3 in Fighting
    98 | D:1      | Found a shattered altar of Ashenzari.
   303 | D:1      | Reached XP level 2. HP: 31/31 MP: 2/2
  1121 | D:2      | Found a shadowy altar of Dithmenos.
  1460 | D:2      | Reached XP level 3. HP: 30/39 MP: 3/3
  1545 | D:2      | Noticed Terence
  1545 | D:2      | Noticed Jessica
  1557 | D:2      | Killed Terence
  1557 | D:2      | Reached skill level 4 in Fighting
  1569 | D:2      | Killed Jessica
  1569 | D:2      | Reached XP level 4. HP: 27/49 MP: 4/4
  2223 | D:3      | Gained mutation: You are somewhat resistant to further mutation. [potion of mutation]
  2264 | D:3      | Reached skill level 1 in Armour
  2264 | D:3      | Reached XP level 5. HP: 42/55 MP: 5/5
  2837 | D:3      | Found a glowing golden altar of the Shining One.
  2984 | D:3      | Found a burning altar of Makhleb.
  2986 | D:3      | Found a shimmering altar of Xom.
  2986 | D:3      | Found a hide-covered altar of Uskayaw.
  2988 | D:3      | Found an iron altar of Okawaru.
  2988 | D:3      | Found a shimmering altar of Xom.
  2988 | D:3      | Found a sparkling altar of Nemelex Xobeh.
  3273 | D:4      | Found a staircase to the Ecumenical Temple.
  3328 | Temple   | Entered the Ecumenical Temple
  3816 | D:4      | Noticed an ogre
  3818 | D:4      | Reached XP level 6. HP: 63/63 MP: 6/6
  3946 | D:4      | Reached XP level 7. HP: 67/71 MP: 7/7
  4045 | D:4      | Found a blossoming altar of Fedhas.
  4116 | D:4      | Noticed Ratty's ghost (amateur DENe)
  4143 | D:4      | Killed Ratty's ghost
  4594 | D:5      | Entered Level 5 of the Dungeon
  4605 | D:5      | Reached skill level 5 in Fighting
  4616 | D:5      | Noticed Ijyb
  4622 | D:5      | HP: 2/72 [acid (12)]
  4623 | D:5      | Splashed by Ijyb's acid

Vault maps used:
D:1:      dpeg_arrival_rhombi, evilmike_ruin_ashenzari
D:2:      nicolae_dithmenos_through_a_glass_darkly, uniq_terence, uniq_jessica
D:3:      lemuel_round_altar, portal_sewer_entry_e, first_ration,
          doesnt_xom_only_xom
D:4:      kennysheep_little_box, minmay_temple_entry_nine_rooms
D:5:      serial_curves, eino_curves_02, eino_curves_03, basic_altar, uniq_ijyb
Temple:   oiseaux_autumnal_temple

Skill      XL: |  1  2  3  4  5  6  7 |
---------------+----------------------+-----
Fighting       | 3 4 5 |  5.0
Maces & Flails | 3 4 |  4.1
Armour         | 1 3 |  3.8
Dodging        | 3 4 |  4.7
Throwing       | |  2.0

Action                   |  1- 3 |  4- 6 |  7- 9 || total
-------------------------+-------+-------+-------++-------
Melee: Flail             |    90 |   136 |       ||   226
       Giant club        |       |     8 |    42 ||    50
Throw: Throwing net      |       |     3 |       ||     3
 Abil: Evoke Berserk Rag |       |       |     1 ||     1
  Use: Scroll            |     1 |     6 |     4 ||    11
       Potion            |     1 |     2 |     3 ||     6
 Stab: Sleeping          |     1 |       |       ||     1
  Eat: Chunk             |     2 |     8 |       ||    10
       Ration            |       |       |     1 ||     1
Armor: Robe              |    31 |    30 |     6 ||    67
Dodge: Dodged            |    59 |    80 |    43 ||   182

Table legend:
 A = Spawn XP
 B = Non-spawn XP
 C = Spawn XP percentage of total XP
 D = Spawn monster count
 E = Non-spawn monster count
 F = Spawn count percentage of total count
 G = Total turns spent on level
                    A         B        C        D         E        F      G
               +---------+---------+-------+---------+---------+-------+---------
         Total |       0 |     973 |   0.0 |       0 |      77 |   0.0 |  4623
               +---------+---------+-------+---------+---------+-------+---------
           D:1 |       0 |      21 |   0.0 |       0 |      10 |   0.0 |   946
           D:2 |       0 |     117 |   0.0 |       0 |      27 |   0.0 |  1275
           D:3 |       0 |      98 |   0.0 |       0 |      13 |   0.0 |  1045
           D:4 |       0 |     691 |   0.0 |       0 |      22 |   0.0 |  1012
           D:5 |       0 |      17 |   0.0 |       0 |       2 |   0.0 |    29
        Temple |       0 |      29 |   0.0 |       0 |       3 |   0.0 |   316
               +---------+---------+-------+---------+---------+-------+---------
